 Dungeon Sprint DCSS version 0.19.0-9-gfd783f2 (webtiles) character file.

58 equalderp2856 the Scratcher (level 3, -9/18 HPs)
             Began as a Felid Fighter on Nov 7, 2016.
             Splashed by an oklob sapling priest's acid (12 damage)
             ... in the Dungeon (Sprint IV: "Fedhas' Mad Dash").
             The game lasted 00:00:54 (85 turns).

equalderp2856 the Scratcher (Felid Fighter)           Turns: 85, Time: 00:00:56

Health: -9/18      AC: -3    Str: 13    XL:     3   Next: 76%
Magic:  4/4        EV: 21    Int:  9    God:
Gold:   44         SH:  0    Dex: 15    Spells: 0 memorised, 2 levels left
                                        Lives:  0   Deaths: 0

rFire  . . .     SeeInvis +       - Unarmed
rCold  . . .     Gourm    .     (armour unavailable)
rNeg   . . .     Faith    .     (shield unavailable)
rPois  .         Spirit   .     (helmet unavailable)
rElec  .         Reflect  .     (cloak unavailable)
rCorr  .         Harm     .     (gloves unavailable)
MR     .....     NoTele   +     (boots unavailable)
Stlth  ++........               i - amulet of invisibility {+Inv}
                                (no ring)
                                (no ring)

@: corroded, quick
A: no armour, no weapons or thrown items, stealth, claws 1, fangs 3, see
invisible, carnivore 3, speed 1, shaggy fur 1, slow metabolism 1, sharp paws
a: Evoke Invisibility


You were in the Dungeon.
You were not hungry.

You visited 1 branch You collected 44 gold pieces.

Inventory:

Jewellery
 i - the amulet of invisibility (around neck) {+Inv}
   (You found it in the Dungeon)

   [amulet of nothing]

   It lets you turn invisible.
Scrolls
 h - a scroll of blinking
 j - a scroll of enchant armour {unknown}
Potions
 a - a potion of might
 c - a potion of curing
 d - a potion of heal wounds
 e - a potion of haste
 f - 2 potions of magic
 g - a potion of berserk rage
Comestibles
 b - a meat ration


   Skills:
 + Level 4.4 Fighting
 + Level 5.8 Dodging
 + Level 7.0 Unarmed Combat


You had 2 spell levels left.
You didn't know any spells.

Dungeon Overview and Level Annotations

Branches:
Dungeon (1/1)

Altars:
Cheibriados
Dithmenos
Elyvilon
Gozag
Hepliaklqana
Kikubaaqudgha
Makhleb
Nemelex Xobeh
Okawaru
Qazlal
Ru
Sif Muna
Trog
Uskayaw
Vehumet
Xom
Yredelemnul
Zin
The Shining One
Beogh
Jiyva
Lugonu

Annotations:
D exclusion: oklob sapling


Innate Abilities, Weirdness & Mutations

You cannot wear armour.
You are incapable of wielding weapons or throwing items.
Your paws allow you to move quietly. (Stealth)
You have sharp claws.
You have razor-sharp teeth.
You have supernaturally acute eyesight. (SInv)
You are carnivorous and can eat meat at any time.
You cover ground quickly.
You are covered in fur. (AC +1)
You have a slow metabolism.
Your sharp claws are effective at attacking unaware monsters.


Message History

Found three altars.
Found two altars.
Found three altars.
There is an opulent altar of Gozag here.
Found a corrupted altar of Lugonu and a radiant altar of Vehumet.
There is a hazy altar of Hepliaklqana here.
You scratch the oklob sapling priest but do no damage.
You bite the oklob sapling priest, but do no damage.
The oklob sapling priest casts a cantrip, but nothing happens.
You completely miss the oklob sapling priest.
You bite the oklob sapling priest, but do no damage.
The oklob sapling priest looks satisfied for a moment.
You scratch the oklob sapling priest but do no damage.
The oklob sapling priest spits acid at you.
The splash of acid hits you!
Ouch! That really hurt!
* * * LOW HITPOINT WARNING * * *
The acid corrodes you!
You are splashed with acid!
The acid burns!
Ouch! That really hurt!
You die...

########################
....#.....#.⌠._._._._.⌠.
....'.#...'.._._@_._._..
....#.#...#..._._P_._...
########+##.._._._._._..
#.⌠._._._._.⌠.
##############


You could see an oklob sapling priest.

Vanquished Creatures
  An oklob sapling (D)
  A worker ant (D)
  A river rat (D)
  A rat (D)
4 creatures vanquished.

Notes
Turn   | Place    | Note
-------+----------+-------------------------------------------
     0 | D        | equalderp2856 the Felid Fighter began the quest for the Orb.
     0 | D        | Reached XP level 1. HP: 10/10 MP: 2/2
    14 | D        | Reached skill level 5 in Unarmed Combat
    14 | D        | Reached XP level 2. HP: 13/14 MP: 3/3
    23 | D        | Noticed an oklob sapling
    43 | D        | Killed an oklob sapling
    43 | D        | Reached skill level 5 in Dodging
    43 | D        | Reached skill level 6 in Unarmed Combat
    43 | D        | Reached XP level 3. HP: 18/18 MP: 4/4
    50 | D        | Reached skill level 7 in Unarmed Combat
    75 | D        | Found an opulent altar of Gozag.
    75 | D        | Found a hazy altar of Hepliaklqana.
    75 | D        | Found a burning altar of Makhleb.
    75 | D        | Found a roughly hewn altar of Beogh.
    75 | D        | Found a sparkling altar of Nemelex Xobeh.
    75 | D        | Found a snail-covered altar of Cheibriados.
    75 | D        | Found a sacrificial altar of Ru.
    75 | D        | Found a deep blue altar of Sif Muna.
    75 | D        | Found a shimmering altar of Xom.
    75 | D        | Found a basalt altar of Yredelemnul.
    76 | D        | Found a viscous altar of Jiyva.
    76 | D        | Found a bloodstained altar of Trog.
    76 | D        | Noticed an oklob sapling priest
    77 | D        | Found an iron altar of Okawaru.
    77 | D        | Found a shadowy altar of Dithmenos.
    77 | D        | Found a glowing silver altar of Zin.
    78 | D        | Found an ancient bone altar of Kikubaaqudgha.
    78 | D        | Found a hide-covered altar of Uskayaw.
    79 | D        | Found a stormy altar of Qazlal.
    79 | D        | Found a white marble altar of Elyvilon.
    79 | D        | Found a glowing golden altar of the Shining One.
    80 | D        | Found a corrupted altar of Lugonu.
    80 | D        | Found a radiant altar of Vehumet.
    85 | D        | Splashed by an oklob sapling priest's acid

Skill      XL: |  1  2  3 |
---------------+----------+-----
Unarmed Combat | 5 6 7 |  7.0
Fighting       | 4 |  4.4
Dodging        | 5 |  5.8

Action                   || total
-------------------------++-------
Melee: Unarmed           ||    15
       Bite              ||     3
 Stab: Sleeping          ||     1
Dodge: Dodged            ||     5
